Map: Ruins of Seras

Players

Kit

  • Race: Zerg Zerg

MorN

  • Race: Zerg Zerg
  • League: Platinum

BlackBurn

  • Race: Zerg Zerg

IamDrizzt

  • Race: Zerg Zerg
  • League: Platinum

VOD

Have the link to the VOD?

Description

Time

  • Played on: Nov. 9, 2015, 10:38 p.m.
  • Length: 5:11
Show
View Real Time Build Order
Export as new Build Order

Kit Zerg 

Build Orders: Hatch First 

Get SALT Encoding   

  12  0:01  Drone  
  13  0:12  Overlord  
  13  0:17  Drone  
  14  0:31  Drone  
  14  0:32  Drone  
  14  0:34  Drone  
  17  0:55  Hatchery  
  16  0:57  Drone  
  17  1:12  Spawning Pool  
  17  1:14  Drone  
  17  1:18  Extractor  
  16  1:19  Drone  
  16  1:22  Drone  
  18  1:28  Drone  
  19  1:39  Drone  
  20  1:50  Overlord  
  20  1:59  Queen  
  22  2:07  Baneling Nest  
  21  2:15  Queen  
  23  2:19  Zergling x2  
  23  2:22  Zergling x2  
  25  2:28  Zergling x2  
  26  2:34  Drone  
  26  2:35  Queen  
  29  2:40  Drone  
  29  2:41  Drone  
  31  2:54  Drone x2  
  31  2:55  Drone x2  
  31  2:57  Drone  
  36  3:08  Overlord x2  
  36  3:26  Baneling x2  
  36  3:27  Baneling  
  36  3:32  Drone, Roach Warren  
  36  3:33  Drone x5  
  41  3:38  Extractor  
  41  3:40  Overlord, Extractor  
  39  3:50  Lair  
  38  4:03  Spine Crawler  
  38  4:07  Spine Crawler  
  35  4:12  Roach x4  
  35  4:13  Roach  
  44  4:19  Drone x3  
  21  4:46  Drone x3  
  21  4:52  Drone  
Show
View Real Time Build Order
Export as new Build Order

MorN Zerg 

Build Orders: Hatch First 

Get SALT Encoding   

  12  0:01  Drone  
  13  0:12  Drone  
  14  0:40  Hatchery, Drone  
  14  0:48  Overlord  
  14  0:54  Drone, Extractor  
  15  1:09  Spawning Pool  
  14  1:12  Drone  
  14  1:16  Drone  
  16  1:21  Extractor  
  16  1:24  Drone  
  16  1:29  Drone  
  17  1:36  Drone  
  18  1:45  Overlord  
  18  1:56  Queen  
  20  2:01  Queen  
  20  2:06  Zergling x2  
  23  2:16  Zergling x2  
  24  2:23  Metabolic Boost  
  24  2:25  Zergling x4  
  26  2:30  Zergling x4  
  28  2:38  Overlord  
  28  2:46  Baneling Nest  
  28  2:51  Zergling x4  
  29  3:02  Zergling x6  
  32  3:07  Zergling x2  
  32  3:09  Zergling x2  
  32  3:12  Zergling x2  
  35  3:17  Zergling x2  
  35  3:19  Zergling x2  
  37  3:30  Zergling x6  
  40  3:42  Zergling x4  
  40  3:43  Zergling x2  
  43  3:55  Zergling x2  
  44  3:56  Baneling  
  44  3:57  Baneling x5  
  41  4:12  Zergling x6  
  44  4:19  Zergling x2  
  43  4:24  Baneling  
  43  4:28  Zergling x4  
  42  4:33  Zergling x2  
  42  4:37  Zergling x2  
  42  4:43  Zergling x2  
  42  4:44  Zergling x6  
  43  4:54  Zergling x2  
Show
View Real Time Build Order
Export as new Build Order

BlackBurn Zerg 

Build Orders:  

Get SALT Encoding   

Show
View Real Time Build Order
Export as new Build Order

IamDrizzt Zerg 

Build Orders:  

Get SALT Encoding   

Tags
 
Add a new tag
Caveats
  • Supply blocks, unpowered buildings, or Contaminate may cause inaccurate times.
  • Supply counts are checked every 10 seconds.